 Dungeon Crawl Stone Soup version 0.32-a0-128-g77eb882913 (console) character file.

Game seed: 8989753093591322276

305 zenocrate the Sneak (level 6, 0/37 HPs)
             Began as a Kobold Delver on Feb 7, 2024.
             Slain by an iguana (11 damage)
             ... on level 4 of the Dungeon.
             The game lasted 00:04:44 (3291 turns).

zenocrate the Sneak (Kobold Delver)                 Turns: 3291, Time: 00:04:44

Health: 0/37       AC:  5    Str: 13    XL:     6   Next: 66%
Magic:  6/6        EV: 16    Int: 11    God:
Gold:   183        SH:  0    Dex: 18    Spells: 2/5 levels left

rFire   . . .        a - +0 short sword
rCold   . . .        (no shield)
rNeg    . . .        b - +0 leather armour
rPois   .            (no helmet)
rElec   .            (no cloak)
rCorr   .            o - +1 pair of gloves {Str+3}
SInv    .            (no boots)
Will    .....        (no amulet)
Stlth   +++++        (no ring)
HPRegen 0.26/turn    (no ring)
MPRegen 0.10/turn

%: no passive effects
@: no status effects
A: small, no large weapons, nightstalker 3
a: no special abilities


You were on level 4 of the Dungeon.
You visited 1 branch of the dungeon, and saw 5 of its levels.

You collected 183 gold pieces.

Inventory:

Hand Weapons
 a - a +0 short sword (weapon)
Armour
 b - a +0 leather armour (worn)
 m - a +0 buckler
 o - a +1 pair of gloves of strength (worn)
Wands
 g - a wand of digging (3)
Scrolls
 c - 4 scrolls of fog
 d - 2 scrolls of revelation
 e - a scroll of silence {unknown}
 f - 2 scrolls of teleportation {unknown}
 i - a scroll of immolation {unknown}
 j - a scroll of noise {unknown}
 k - a scroll of vulnerability {unknown}
 n - 2 scrolls of identify {unknown}
Potions
 h - a potion of might {unknown}
 l - a potion of brilliance


   Skills:
 - Level 3.4 Fighting
 * Level 6.3 Short Blades
 + Level 4.4 Dodging
 + Level 7.9 Stealth


You had 2 spell levels left.
You knew the following spells:

 Your Spells              Type           Power      Damage    Failure   Level
a - Ensorcelled Hibernat  Hex/Ice        0%         N/A       56%         2
m - Apportation           Tloc           0%         N/A       41%         1

Your spell library contained the following spells:

 Spells                   Type           Power      Damage    Failure   Level
 Jinxbite                 Hex            0%         N/A       56%         2
 Passwall                 Erth           0%         N/A       80%         3
 Swiftness                Air            0%         N/A       80%         3
 Alistair's Intoxication  Alch           0%         N/A       100%        5


Dungeon Overview and Level Annotations

Branches:
Dungeon (5/15)
 Temple: D:4-7

Altars:
Uskayaw

Annotations:
D:2 Ijyb


Innate Abilities, Weirdness & Mutations

You are small and have problems with some larger weapons.
You are completely attuned to the shadows.


Message History

You feel stronger.
No target in view!
No target in view!
No target in view!
An adder is nearby!
An adder is nearby!
An adder is nearby!
You barely miss the adder.
The adder hisses angrily.
The adder barely misses you.
You hit the adder.
The adder is lightly wounded.
The adder bites you but does no damage.
You hit the adder.
The adder is severely wounded.
The adder barely misses you.
You hit the adder.
The adder is almost dead.
The adder barely misses you.
You hit the adder.
You kill the adder!
The iguana bites you.
You completely miss the iguana. The iguana barely misses you.
You barely miss the iguana. You hit the iguana.
The iguana is heavily wounded.
The iguana bites you!
You are too injured to fight recklessly!
You barely miss the iguana.
The iguana is heavily wounded.
The iguana bites you.
* * * LOW HITPOINT WARNING * * *
You are too injured to fight recklessly!
You hit the iguana.
The iguana is severely wounded.
Unknown command.
You hit the iguana.
The iguana is severely wounded.
The iguana bites you!
You die...

....###.#..# ....<.
..# ..#.......##
...... ..#
#.........# ......
.## #.#.......#.
.....#
..####.#.........
....##
............>....
..######.............
... ##.............
### #.............. #
# ###..........l...
#.#...........@....
##.#.#.#............
....................
.........####.#...##.
.........# #....#...
.........#....#...##
...........#
...........#
............
............
.......).##


You could see an iguana.

Vanquished Creatures
  2 bombardier beetles (D:3)
  2 hounds (D:3)
  An orc priest (D:4)
  2 orc wizards (D:3)
  3 gnolls
  2 adders
  2 dart slugs
  A ribbon worm (D:3)
  3 orcs
  4 bats
  2 endoplasms
  3 giant cockroaches
  3 goblins
  7 hobgoblins
  2 jackals (D:2)
  5 ball pythons
  4 frilled lizards
  A kobold (D:1)
  5 rats
54 creatures vanquished.

Notes
Turn   | Place    | Note
-------+----------+-------------------------------------------
     0 | D:5      | zenocrate the Kobold Delver began the quest for the Orb.
     0 | D:5      | Reached XP level 1. HP: 14/14 MP: 1/1
    48 | D:5      | Noticed an orc wizard
    89 | D:3      | Noticed Ijyb
   341 | D:1      | Reached XP level 2. HP: 19/19 MP: 2/2
   649 | D:1      | Learned a level 1 spell: Apportation
   862 | D:1      | Found a faded altar of an unknown god.
  1210 | D:2      | Reached XP level 3. HP: 23/23 MP: 3/3
  1406 | D:2      | Reached skill level 7 in Stealth
  1923 | D:3      | Reached XP level 4. HP: 28/28 MP: 4/4
  1997 | D:3      | Found a hide-covered altar of Uskayaw.
  2147 | D:3      | Reached XP level 5. HP: 3/32 MP: 5/5
  2261 | D:3      | Reached skill level 5 in Short Blades
  2399 | D:3      | Reached XP level 6. HP: 6/37 MP: 6/6
  2738 | D:3      | Learned a level 2 spell: Ensorcelled Hibernation
  3291 | D:4      | Slain by an iguana

Illustrated notes

Levels and vault maps discovered:
D:1:      giann_forest_graveyard, layout_basic,
          chequers_ecumenical_altar_simple_redux
D:2:      layout_rooms
D:3:      layout_loops_ring, mainiacjoe_overflow_small_starburst,
          cheibrodos_gnoll_hut, uniq_ijyb
D:4:      layout_rooms
D:5:      layout_cave_pools, kennysheep_mini, elyvilon_altar_4,
          lightli_sewer_entry_pipes, serial_gnoll_camp, gnoll_camp_medium_02,
          gnoll_camp_mini_hut, gnoll_camp_huts_basic, gnoll_camp_mini_hut,
          serial_shops, nicolae_shop_peninsula, st_stairs_6

Skill      XL: |  1  2  3  4  5  6 |
---------------+-------------------+-----
Short Blades   | 3 4 5 6 |  6.3
Dodging        | 3 4 |  4.4
Stealth        | 7 |  7.9
Fighting       | |  3.4

Action                     |  1- 3 |  4- 6 || total
---------------------------+-------+-------++-------
  Melee: Short sword       |    83 |   144 ||   227
         Punch             |     2 |    10 ||    12
    Use: Potion            |     1 |     6 ||     7
         Scroll            |     1 |       ||     1
   Stab: Sleeping          |    20 |     2 ||    22
         Distracted        |     1 |       ||     1
 Armour: Leather armour    |    29 |    63 ||    92
  Dodge: Dodged            |    48 |    67 ||   115

Table legend: (Time is in decaauts)
 A = Elapsed time spent in this place.
 B = Non-inter-level travel time spent in this place.
 C = Inter-level travel time spent in this place.
 D = Time resting spent in this place.
 E = Time spent auto-exploring this place.
 F = Levels seen in this place.
 G = Mean time per level.
                   A        B        C        D        E       F      G
               +--------+--------+--------+--------+--------+-----+--------+
         Total |   3215 |   3038 |    177 |     68 |   2438 |   5 |  643.0 |
       Dungeon |   3215 |   3038 |    177 |     68 |   2438 |   5 |  643.0 |
               +--------+--------+--------+--------+--------+-----+--------+

Top non-repeatable levels by time:
     D:3: 1373 daAuts
     D:1: 1125 daAuts
     D:2: 497 daAuts
     D:4: 170 daAuts
     D:5: 49 daAuts
